 Dungeon Crawl Stone Soup version 0.23.0 (webtiles) character file.

Game seed: 1333888015451124307

162 zishaf the Chopper (level 5, -3/48 HPs)
             Began as a Hill Orc Monk on Feb 17, 2019.
             Was a Believer of Beogh.
             Killed from afar by Natasha (8 damage)
             ... with a magic dart
             ... on level 3 of the Dungeon.
             The game lasted 00:04:02 (3227 turns).

zishaf the Chopper (Hill Orc Monk)                  Turns: 3227, Time: 00:04:03

Health: -3/48      AC:  2    Str: 15    XL:     5   Next: 43%
Magic:  5/5        EV: 18    Int: 15    God:    Beogh [**....]
Gold:   86         SH:  0    Dex: 18    Spells: 4/4 levels left

rFire    . . .     SeeInvis .   a - +0 hand axe
rCold    . . .     Gourm    .   (no shield)
rNeg     . . .     Faith    .   o - +0 robe
rPois    .         Spirit   .   (no helmet)
rElec    .         Reflect  .   (no cloak)
rCorr    .         Harm     .   (no gloves)
MR       .....                  (no boots)
Stlth    +++.......             (no amulet)
HPRegen  0.16/turn              (no ring)
MPRegen  0.09/turn              (no ring)

@: brilliant, agile
A: no striking features
a: Smiting, Renounce Religion


You were on level 3 of the Dungeon.
You worshipped Beogh.
Beogh was pleased with you.
You were not hungry.

You visited 1 branch of the dungeon, and saw 3 of its levels.

You collected 86 gold pieces.

Inventory:

Hand Weapons
 a - a +0 hand axe (weapon)
 b - a +0 hunting sling
Missiles
 f - 29 sling bullets
 h - 84 stones (quivered)
Armour
 o - a +0 robe (worn)
Scrolls
 d - a scroll of blinking {unknown}
 g - 2 scrolls of enchant weapon {unknown}
 i - a scroll of amnesia {unknown}
 j - a scroll of fear {unknown}
 l - a scroll of identify {unknown}
 m - a scroll of fog {unknown}
 q - a scroll of random uselessness {unknown}
 r - a scroll of remove curse {unknown}
Potions
 e - a potion of agility
 n - a potion of invisibility {unknown}
Comestibles
 c - 5 rations
 p - 2 chunks of flesh


   Skills:
 + Level 5.0 Fighting
 + Level 5.6 Axes
 + Level 2.9 Armour
 - Level 2.4 Dodging
 - Level 1.5 Stealth


You had 4 spell levels left.
You didn't know any spells.
Your spell library was empty.

Dungeon Overview and Level Annotations

Branches:
Dungeon (3/15)

Altars:

Annotations:
D:3 Natasha


Message History

Natasha misses you.
You barely miss Natasha.
Natasha is lightly wounded.
Natasha barely misses you.
You closely miss Natasha.
Natasha is lightly wounded.
Natasha claws you.
* * * LOW HITPOINT WARNING * * *
The crimson imp blinks!
Natasha closely misses you.
It was a potion of agility.
You feel agile all of a sudden. The crimson imp puffs mist at you.
Natasha claws you.
* * * LOW HITPOINT WARNING * * *
It was a potion of brilliance.
You feel clever all of a sudden.
The crimson imp hits you but does no damage.
Natasha stares at you and mumbles some strange words.
The magic dart hits you!
You die...

#. #.#........... #.#
#.#.###.<..... #.#
#.#.# ###...## ...
..#.# #..... #.# ###.#
###### #(# .# #.#
#.###.###.# #.# #
#.....h...# #.# # #.
#####.5@.####.# # #.#
#...........#.# # #.#
##.######.##.#.# ##
#.####.........##.#.#
#.
#.##..##'####..##.#.#
#.
#.#..##.⌠.##...##.#.#
#.
###...##...##..#.##.#.#
#.
#....##...##.....##.#.#
#. #..)##...##..#.#
##...###### #.


You could see Natasha and a crimson imp.

Vanquished Creatures
  An orc wizard (D:3)
  Natasha (D:3)
  5 adders
  2 worms
  A dart slug (D:2)
  2 leopard geckos (D:2)
  An orc (D:3)
  2 bats
  4 giant cockroaches
  7 goblins
  6 hobgoblins
  6 jackals (D:2)
  2 quokkas (D:2)
  2 ball pythons
  2 frilled lizards (D:2)
  6 kobolds
  3 rats
53 creatures vanquished.

Vanquished Creatures (others)
  An orc priest (D:3)
  A gnoll (D:3)
  An orc (D:3)
3 creatures vanquished.

Grand Total: 56 creatures vanquished

Notes
Turn   | Place    | Note
-------+----------+-------------------------------------------
     0 | D:1      | zishaf the Hill Orc Monk began the quest for the Orb.
     0 | D:1      | Reached XP level 1. HP: 19/19 MP: 1/1
   427 | D:1      | Reached XP level 2. HP: 24/27 MP: 2/2
   830 | D:2      | Reached skill level 1 in Armour
  1137 | D:2      | Reached XP level 3. HP: 20/33 MP: 3/3
  1347 | D:2      | Reached XP level 4. HP: 29/41 MP: 4/4
  1494 | D:2      | Reached skill level 5 in Axes
  2534 | D:3      | Became a worshipper of Beogh the Brigand
  2534 | D:3      | Reached * piety under Beogh
  2534 | D:3      | Reached ** piety under Beogh
  2552 | D:3      | Reached XP level 5. HP: 15/47 MP: 5/5
  2882 | D:3      | Noticed Natasha
  2888 | D:3      | Killed Natasha
  2888 | D:3      | Reached skill level 5 in Fighting
  3205 | D:3      | Noticed Natasha
  3227 | D:3      | Killed from afar by Natasha

Skill      XL: |  1  2  3  4  5 |
---------------+----------------+-----
Armour         | 1 2 |  2.9
Fighting       | 4 5 |  5.0
Axes           | 5 |  5.6
Dodging        | |  2.4
Stealth        | |  1.5

Action                   |  1- 3 |  4- 6 || total
-------------------------+-------+-------++-------
Melee: Hand axe          |    87 |   104 ||   191
 Fire: Hunting sling     |       |    20 ||    20
Invok: Convert to Beogh  |       |     1 ||     1
  Use: Potion            |       |     2 ||     2
 Stab: Sleeping          |     1 |     4 ||     5
       Distracted        |       |     1 ||     1
  Eat: Chunk             |     1 |     6 ||     7
Armor: Robe              |    14 |     8 ||    22
Dodge: Dodged            |    74 |    60 ||   134
